 Dungeon Crawl Stone Soup version 0.28.0-53-g5a82cb258f (webtiles) character file.

Game seed: 5420143169538664914

6414 jjjjhere the Severer (level 10, -5/124 HPs)
             Began as a Minotaur Artificer on Sept 3, 2022.
             Was a High Priest of Okawaru.
             Slain by a vampire (7 damage)
             ... on level 10 of the Dungeon.
             The game lasted 00:15:11 (10084 turns).

jjjjhere the Severer (Minotaur Artificer)          Turns: 10084, Time: 00:15:11

Health: -5/124     AC: 12    Str: 22    XL:     10   Next: 66%
Magic:  9/9        EV: 10    Int:  8    God:    Okawaru [*****.]
Gold:   461        SH:  0    Dex: 10    Spells: 9/9 levels left

rFire   + . .      SeeInvis .   t - +7 battleaxe of Discord {spect, rPois Stlth+}
rCold   . . .      Faith    .   (shield currently unavailable)
rNeg    . . .      Spirit   .   u - +0 plate armour
rPois   +          Reflect  .   (helmet restricted)
rElec   .          Harm     .   (no cloak)
rCorr   .          Rampage  .   G - +0 pair of gloves
Will    .....                   (no boots)
Stlth   ..........              (no amulet)
HPRegen 0.30/turn               B - ring of protection from fire
MPRegen 0.11/turn               E - +4 ring of evasion

@: confused, berserking (expiring), very quick
A: horns 2, retaliatory headbutt
a: Renounce Religion, Heroism, Finesse, Duel


You were on level 10 of the Dungeon.
You worshipped Okawaru.
Okawaru was extremely pleased with you.
You visited 2 branches of the dungeon, and saw 11 of its levels.

You collected 461 gold pieces.

Inventory:

Hand Weapons
 b - a +0 hunting sling
 t - the +7 battleaxe of Discord (weapon) {spect, rPois Stlth+}
   (You found it on level 3 of the Dungeon)

   When its wielder attacks, the weapon's spirit leaps out and strikes again.
   The spirit shares a part of any damage it takes with its wielder.
   rPois:     It protects you from poison.
   Stlth:     It makes you more stealthy.
 z - a +1 flail of protection
 F - a +1 war axe of flaming
Missiles
 a - 5 javelins
 g - 8 boomerangs
 i - 18 poisoned darts
 m - 231 stones
Armour
 l - a +0 leather armour
 s - a +0 ring mail
 u - a +0 plate armour (worn)
 v - a +0 buckler
 G - a +0 pair of gloves (worn)
Jewellery
 x - a +6 ring of dexterity
 B - a ring of protection from fire (left hand)
 E - a +4 ring of evasion (right hand)
 H - a ring of positive energy
Wands
 c - a wand of flame (25) (quivered)
 d - a wand of charming (5)
 p - a wand of polymorph (2)
 y - a wand of paralysis (12)
Scrolls
 h - 3 scrolls of fog
 j - 2 scrolls of blinking
 k - 4 scrolls of teleportation
 q - a scroll of noise {unknown}
 r - a scroll of enchant armour {unknown}
 w - 3 scrolls of magic mapping {unknown}
 A - 3 scrolls of vulnerability {unknown}
 D - a scroll of silence {unknown}
 L - a scroll of holy word
Potions
 f - a potion of berserk rage
 n - a potion of flight
 o - 2 potions of resistance
 I - 3 potions of mutation
 J - 2 potions of cancellation
 K - a potion of curing
Miscellaneous
 e - a piece from Xom's chessboard (15/15)


   Skills:
 - Level 5.8 Fighting
 + Level 17.8 Axes
 - Level 1.2(11.7) Maces & Flails
 - Level 2.4 Armour
 - Level 1.1 Dodging
 - Level 0.7 Stealth
 + Level 0.3 Invocations
 - Level 2.6 Evocations


You had 9 spell levels left.
You didn't know any spells.
Your spell library contained the following spells:

 Spells                   Type           Power      Damage    Failure   Level
 Beastly Appendage        Tmut           0%         N/A       100%        1
 Magic Dart               Conj           0%         1d3       100%        1
 Sting                    Tmut/Pois      0%         1d3       100%        1
 Poisonous Vapours        Pois/Air       0%         N/A       100%        2
 Scorch                   Fire           0%         2d5       100%        2
 Wereblood                Tmut           0%         N/A       100%        2
 Mephitic Cloud           Conj/Pois/Air  0%         N/A       100%        3
 Spider Form              Tmut/Pois      0%         N/A       100%        3
 Flame Wave               Conj/Fire      0%         2d4       100%        4
 Fulminant Prism          Conj/Hex       0%         3d6       100%        4
 Iskenderun's Mystic Bla  Conj/Tloc      0%         2d3       100%        4
 Olgreb's Toxic Radiance  Pois           0%         N/A       100%        4
 Fireball                 Conj/Fire      0%         3d3       100%        5
 Lee's Rapid Deconstruct  Erth           0%         3d5*      100%        5
 Starburst                Conj/Fire      0%         6d3       100%        6
 Ignition                 Fire           0%         3d3       100%        8
 Call Imp                 Summ           Unusable   N/A       N/A         2
 Summon Cactus Giant      Summ           Unusable   N/A       N/A         6

Dungeon Overview and Level Annotations

Branches:
Dungeon (10/15)            Temple (1/1) D:6             Orc (0/2) D:9
   Lair: D:8-11

Altars:
Cheibriados
Fedhas
Kikubaaqudgha
Makhleb
Okawaru
Uskayaw
Wu Jian
Yredelemnul
Beogh

Annotations:
D:1 Natasha
D:5 1 runed translucent door
D:8 3 runed translucent doors, Beepinex's ghost, novice DDFi


Innate Abilities, Weirdness & Mutations

You have a pair of horns on your head.
You reflexively headbutt those who attack you in melee.


Message History

You feel yourself moving faster!
You feel mighty! Something hits you but does no damage. Something bites you.
Something draws strength from your injuries!
You barely miss something.
You hear some strange, mumbled words.
Something tries to affect you, but you resist.
You miss something. You headbutt something! Something hits you!
Something bites you.
Something draws strength from your injuries!
You hit something. You barely miss something. Your headbutt misses something.
You hear some strange, mumbled words.
You are confused.
You bump into the rock wall.
You hit something. Your headbutt misses something.
You hear some strange, mumbled words.
Something tries to affect you, but you resist.
The orc wizard points at you and mumbles some strange words.
The puff of flame hits something!
You bump into the rock wall.
The orc wizard points at you and mumbles some strange words.
The magic dart hits something.
Something hits you.
* * * LOW HITPOINT WARNING * * *
Something bites you!
* * * LOW HITPOINT WARNING * * *
Something draws strength from your injuries!
You miss something.
You bump into the rock wall.
Something hits you!
* * * LOW HITPOINT WARNING * * *
Something bites you!
* * * LOW HITPOINT WARNING * * *
Something draws strength from your injuries!
You closely miss something. You headbutt something. You barely miss something.
Something hits you.
* * * LOW HITPOINT WARNING * * *
Something bites you but does no damage.
You bump into the rock wall.
Something hits you.
* * * LOW HITPOINT WARNING * * *
Something bites you!
You die...

#
##+############..###
........ooo{@.......
.........##########.
.........#
.........#
.........#
.....$...#
..........
..........
...........


You could see an orc wizard and 2 orcs.

Vanquished Creatures
  A cyclops (D:7)
  A hornet (D:7)
  17 yaks
  A water moccasin (D:8)
  4 orc warriors
  2 sky beasts
  2 ice beasts
  A hornet zombie (D:7)
  3 ogres
  3 centaurs
  2 kobold brigands
  A bullfrog (D:8)
  2 scorpions
  A wyvern skeleton (D:7)
  3 killer bees (D:7)
  3 electric eels (D:7)
  5 centaur zombies
  3 hounds (D:5)
  7 jellies
  2 centaur skeletons
  4 orc priests
  2 human skeletons (D:5)
  Natasha (D:1)
  12 orc wizards
  A hound skeleton (D:5)
  A howler monkey zombie (D:8)
  7 adders
  2 gnolls (D:4)
  A white imp (D:5)
  6 worms
  6 dart slugs
  48 orcs
  6 endoplasms
  2 giant cockroaches
  7 goblins
  8 hobgoblins
  11 jackals
  4 quokkas
  5 ball pythons
  3 bats
  2 frilled lizards
  9 kobolds
  8 rats
220 creatures vanquished.

Vanquished Creatures (collateral kills)
  2 gnolls (D:4)
  2 orcs (D:4)
  A hobgoblin (D:4)
5 creatures vanquished.

Vanquished Creatures (others)
  An orc priest (D:4)
  An orc (D:4)
2 creatures vanquished.

Grand Total: 227 creatures vanquished

Notes
Turn   | Place    | Note
-------+----------+-------------------------------------------
     0 | D:1      | jjjjhere the Minotaur Artificer began the quest for the
                  | Orb.
     0 | D:1      | Reached XP level 1. HP: 16/16 MP: 0/0
   543 | D:1      | Reached XP level 2. HP: 18/25 MP: 1/1
  1447 | D:2      | Reached XP level 3. HP: 33/33 MP: 2/2
  1460 | D:2      | Noticed Natasha
  1482 | D:1      | Killed Natasha
  1640 | D:1      | Noticed Natasha
  1777 | D:2      | Reached XP level 4. HP: 33/41 MP: 3/3
  1998 | D:2      | Reached skill level 5 in Fighting
  2925 | D:3      | Reached skill level 1 in Maces & Flails
  3125 | D:3      | Identified the +7 battleaxe of Discord {spect, rPois
                  | Stlth+}
  3206 | D:3      | Reached XP level 5. HP: 48/50 MP: 4/4
  3414 | D:3      | Reached skill level 1 in Axes
  3517 | D:3      | Found a faded altar of an unknown god.
  3814 | D:4      | Reached skill level 2 in Axes
  3859 | D:4      | Reached skill level 3 in Axes
  4254 | D:4      | Reached skill level 4 in Axes
  4254 | D:4      | Reached XP level 6. HP: 56/57 MP: 5/5
  4430 | D:4      | Reached skill level 5 in Axes
  4540 | D:4      | Reached skill level 6 in Axes
  4547 | D:4      | HP: 18/57 [orc priest/divine providence (8)]
  4575 | D:4      | HP: 16/57 [orc priest/divine providence (13)]
  4579 | D:4      | HP: 1/57 [orc priest/divine providence (15)]
  5001 | D:4      | Reached XP level 7. HP: 61/62 MP: 6/6
  5465 | D:5      | Entered Level 5 of the Dungeon
  5651 | D:5      | Reached skill level 7 in Axes
  5700 | D:5      | Noticed a yak
  5735 | D:5      | Reached skill level 8 in Axes
  5747 | D:5      | Killed a yak
  5875 | D:5      | Reached skill level 9 in Axes
  5989 | D:5      | Found a runed translucent door.
  5989 | D:5      | Noticed a human
  5990 | D:5      | Found a basalt altar of Yredelemnul.
  5993 | D:5      | Reached XP level 8. HP: 70/70 MP: 7/7
  6420 | D:6      | Found a staircase to the Ecumenical Temple.
  6445 | Temple   | Entered the Ecumenical Temple
  6562 | Temple   | Became a worshipper of Warmaster Okawaru
  6617 | D:6      | Reached skill level 10 in Axes
  6854 | D:6      | Reached skill level 11 in Axes
  7105 | D:7      | Noticed a cyclops
  7190 | D:7      | Reached skill level 12 in Axes
  7341 | D:7      | Reached * piety under Okawaru
  7387 | D:7      | Reached XP level 9. HP: 74/75 MP: 8/8
  7409 | D:7      | HP: 18/75 [electric eel/bolt of electricity (11)]
  7999 | D:7      | Reached skill level 13 in Axes
  8059 | D:7      | Killed a cyclops
  8059 | D:7      | Reached ** piety under Okawaru
  8107 | D:7      | Reached skill level 14 in Axes
  8717 | D:8      | Reached *** piety under Okawaru
  8718 | D:8      | Reached skill level 15 in Axes
  8725 | D:8      | Reached XP level 10. HP: 83/83 MP: 9/9
  8925 | D:8      | Reached skill level 16 in Axes
  9015 | D:8      | Found a runed translucent gate.
  9015 | D:8      | Found a runed translucent gate.
  9015 | D:8      | Found a runed translucent gate.
  9018 | D:8      | Noticed Beepinex's ghost (novice DDFi)
  9204 | D:9      | Reached **** piety under Okawaru
  9211 | D:9      | Reached skill level 17 in Axes
  9474 | D:9      | Found a staircase to the Orcish Mines.
  9487 | D:9      | Found a snail-covered altar of Cheibriados.
  9858 | D:9      | Reached ***** piety under Okawaru
 10055 | D:10     | Entered Level 10 of the Dungeon
 10074 | D:10     | HP: 39/124 [something (3)]
 10079 | D:10     | HP: 35/124 [something (5)]
 10081 | D:10     | HP: 9/124 [something (11)]
 10084 | D:10     | HP: 2/124 [something (4)]
 10084 | D:10     | Slain by a vampire

Illustrated notes

Levels and vault maps discovered:
D:1:      scummos_arrival_simple_fountains, layout_loops_cross
D:2:      layout_basic, minmay_misc_feat_x, minmay_misc_feat_iff, uniq_natasha
D:3:      layout_loops_ring, dreamdust_ecumenical_altar_hidden_monk_grotto
D:4:      layout_basic, hex_tiny
D:5:      layout_loops_cross, dk_yredelemnul_ordeal, kennysheep_generic_room_5
D:6:      layout_rooms, minmay_temple_entry_wispy
D:7:      layout_layer_cave, kennysheep_cross_room, fountainhead,
          kennysheep_small_square
D:8:      layout_gridville, biasface_ghost_orc_armoury
D:9:      layout_roguey, amcnicky_altar_gilded, orc_0_dummy
D:10:     layout_irregular_city, serial_column_ruins, column_ruins_hut_pillars,
          column_ruins_courtyard_long, column_ruins_grid_4, column_ruins_grid_3,
          column_ruins_grid_3, column_ruins_columns_straight,
          column_ruins_columns_straight, minmay_misc_feat_pillars, uniq_grum
Temple:   mainiacjoe_temple_big_plus

Skill      XL: |  1  2  3  4  5  6  7  8  9 10 |
---------------+-------------------------------+-----
Fighting       | 2 3 4 5 |  5.8
Maces & Flails | 1 |  1.2
Axes           | 4 6 9 12 15 17 | 17.8
Armour         | |  2.4
Dodging        | |  1.1
Stealth        | |  0.7
Invocations    | |  0.3
Evocations     | |  2.6

Action                   |  1- 3 |  4- 6 |  7- 9 | 10-12 || total
-------------------------+-------+-------+-------+-------++-------
Melee: Club              |    15 |       |       |       ||    15
       Dagger            |    86 |    58 |       |       ||   144
       Headbutt          |     9 |    23 |    18 |     9 ||    59
       Punch             |       |     1 |       |       ||     1
       Whip              |       |    43 |       |       ||    43
       Battleaxe         |       |     1 |   109 |    67 ||   177
 Fire: Hunting sling     |    10 |   153 |       |       ||   163
Throw: Dart              |       |     8 |    10 |       ||    18
Evoke: Wand              |     6 |    11 |     3 |       ||    20
       Piece from Xom's  |     1 |     1 |       |       ||     2
  Use: Potion            |       |     3 |       |     2 ||     5
       Scroll            |       |       |       |     9 ||     9
 Stab: Sleeping          |     2 |       |       |       ||     2
Armor: Leather armour    |    23 |    10 |       |       ||    33
       Ring mail         |       |     7 |       |       ||     7
       Plate armour      |       |    51 |    48 |    34 ||   133
Dodge: Dodged            |    75 |    43 |    42 |    24 ||   184
